Map: Romanticide LE

Players

milkicow

  • Race: Terran Terran
  • League: Grandmaster
  • Spawn Location: 11:00

Serral - Winner!

  • Race: Zerg Zerg
  • League: Grandmaster
  • Spawn Location: 5:00

Event: DreamHack SC2 Masters 2020 Winter

VOD

Have the link to the VOD?

Description

Time

  • Played on: Oct. 30, 2020, 12:02 p.m.
  • Length: 11:18

All games in this series

Show
View Real Time Build Order
Export as new Build Order

milkicow Terran 

Build Orders:  

Get SALT Encoding   

  12  0:00  SCV  
  13  0:13  SCV  
  14  0:18  Supply Depot  
  14  0:26  SCV  
  15  0:40  Barracks  
  15  0:52  Barracks  
  15  1:04  Barracks  
  15  1:08  SCV  
  16  1:20  SCV  
  17  1:28  Marine  
  18  1:33  Orbital Command  
  18  1:38  Marine  
  19  1:45  Supply Depot  
  19  1:46  Marine  
  20  1:53  Marine  
  21  1:56  Marine  
  21  1:59  SCV  
  23  2:06  Bunker  
  23  2:07  Marine  
  24  2:13  Marine  
  26  2:15  Marine  
  26  2:20  Supply Depot  
  26  2:25  Marine  
  27  2:31  Marine  
  27  2:33  SCV, Marine  
  29  2:42  Bunker  
  29  2:43  Marine  
  30  2:46  Bunker  
  30  2:49  Marine  
  30  2:51  SCV  
  32  3:03  SCV, Marine  
  34  3:14  Marine  
  34  3:15  SCV  
  33  3:23  Refinery  
  33  3:26  Refinery  
  33  3:27  SCV  
  33  3:31  Marine  
  35  3:39  SCV  
  36  3:45  Marine  
  37  3:49  Marine  
  37  3:51  SCV  
  39  3:56  Supply Depot  
  39  4:05  Command Center  
  39  4:18  SCV  
  39  4:19  Factory  
  40  4:30  SCV  
  41  4:34  Bunker  
  41  4:42  SCV  
  42  4:47  Supply Depot  
  42  4:51  Bunker x2  
  41  5:04  Factory Tech Lab  
  41  5:07  Starport  
  41  5:10  SCV  
  42  5:17  Orbital Command  
  42  5:22  SCV  
  42  5:27  Siege Tank  
  46  5:30  Bunker  
  46  5:33  Supply Depot  
  46  5:34  SCV  
  46  5:43  SCV  
  46  5:44  Starport Tech Lab  
  46  5:46  SCV  
  47  5:51  Supply Depot x2  
  47  5:55  SCV  
  48  5:58  SCV  
  48  6:04  Banshee  
  49  6:08  SCV  
  53  6:13  SCV  
  53  6:15  Siege Tank  
  53  6:18  Barracks Tech Lab  
  57  6:21  Barracks Reactor  
  57  6:23  Orbital Command  
  57  6:27  SCV  
  57  6:32  Engineering Bay  
  58  6:39  SCV  
  59  6:42  Marine, Stimpack  
  60  6:48  SCV  
  60  6:49  Barracks  
  60  6:51  SCV  
  60  6:52  Siege Tank  
  65  7:00  SCV  
  65  7:01  Supply Depot, Refinery  
  66  7:02  Starport Reactor  
  66  7:03  SCV  
  67  7:09  Marine, Terran Infantry Weapons Level 1  
  67  7:10  Marine x2  
  70  7:16  Supply Depot  
  70  7:22  SCV x2  
  72  7:27  Marine x2, Supply Depot  
  72  7:28  Marine  
  75  7:31  Siege Tank  
  78  7:38  SCV x2, Refinery  
  78  7:40  Supply Depot  
  78  7:43  Medivac  
  82  7:45  Marine x2  
  82  7:50  SCV  
  85  7:51  Marine, Supply Depot  
  85  7:56  Medivac  
  89  8:00  Supply Depot  
  89  8:02  SCV  
  89  8:08  Barracks  
  89  8:16  Medivac  
  89  8:17  Barracks  
  89  8:18  Marauder  
  89  8:19  Marine  
  96  8:20  Marauder  
  96  8:25  Combat Shield  
  96  8:31  Marine  
  97  8:34  Concussive Shells  
  97  8:37  Marine  
  97  8:39  Marauder  
  100  8:42  Marauder  
  102  8:49  Supply Depot x2, Siege Tank  
  102  8:54  Marine  
  106  8:56  Marine x2  
  106  9:00  Marauder  
  106  9:02  Supply Depot  
  110  9:03  Marauder  
  111  9:10  Marine  
  109  9:20  Marine x2  
  109  9:21  Marine, Medivac x2  
  109  9:22  Marauder  
  119  9:24  Supply Depot, Marine  
  119  9:28  Marine  
  120  9:40  Marine  
  120  9:43  Marauder x2  
  120  9:45  Marine  
  120  10:04  Marauder x2  
  122  10:08  Marine x2  
  122  10:10  SCV  
  122  10:12  Marine  
  122  10:18  Marine  
  123  10:24  SCV  
  123  10:25  Marauder  
  123  10:26  Marauder  
  124  10:29  Command Center  
  124  10:36  Marine  
  124  10:41  Marine  
  126  10:44  Marine  
  126  10:45  Marine  
  126  10:47  Marauder x2  
  130  10:54  Marine  
  126  10:59  Marine  
Show
View Real Time Build Order
Export as new Build Order

Serral Zerg - Winner!

Build Orders: Pool First, Ravager All-In 

Get SALT Encoding   

  12  0:00  Drone  
  13  0:12  Overlord  
  13  0:16  Drone  
  14  0:30  Drone x2  
  16  0:39  Spawning Pool  
  15  0:44  Drone  
  15  0:47  Drone  
  17  1:07  Hatchery  
  17  1:10  Drone  
  17  1:12  Extractor  
  16  1:26  Zergling x4  
  16  1:27  Zergling x2  
  16  1:32  Queen  
  21  1:39  Overlord  
  21  1:49  Drone  
  22  1:58  Roach Warren  
  22  2:01  Drone  
  22  2:11  Drone  
  22  2:15  Queen  
  25  2:27  Overlord  
  23  2:39  Extractor, Roach x2  
  23  2:44  Roach  
  28  2:54  Roach x2  
  32  3:01  Overlord  
  32  3:07  Roach  
  34  3:20  Overlord  
  34  3:22  Ravager x2  
  34  3:27  Drone  
  36  3:29  Drone  
  37  3:35  Ravager  
  37  3:37  Drone  
  39  3:46  Drone x2  
  41  3:49  Ravager  
  41  3:53  Roach  
  44  4:06  Overlord  
  44  4:08  Drone  
  44  4:09  Drone  
  46  4:18  Overlord  
  46  4:26  Roach  
  48  4:31  Ravager  
  48  4:32  Ravager  
  48  4:34  Roach  
  52  4:40  Overlord  
  52  5:00  Hatchery  
  52  5:01  Drone  
  52  5:03  Drone  
  52  5:04  Drone  
  54  5:11  Roach  
  56  5:17  Roach x2  
  60  5:30  Drone  
  60  5:32  Drone x3  
  62  5:47  Hatchery  
  61  5:56  Drone x2  
  63  5:58  Metabolic Boost  
  63  6:02  Drone x2  
  65  6:08  Overlord  
  65  6:11  Drone  
  66  6:24  Lair  
  66  6:26  Queen  
  66  6:29  Drone x2  
  66  6:31  Drone  
  71  6:33  Drone x2  
  71  6:35  Drone  
  74  6:40  Drone x3  
  74  6:45  Ravager x2  
  79  6:47  Ravager  
  79  6:48  Drone  
  79  6:49  Drone x2  
  83  6:54  Overlord  
  83  6:55  Drone  
  83  6:58  Overlord  
  84  7:05  Overlord  
  81  7:09  Overlord  
  81  7:12  Queen, Overlord  
  81  7:14  Drone x2  
  81  7:15  Drone  
  86  7:19  Spore Crawler  
  86  7:20  Spore Crawler  
  86  7:21  Spore Crawler  
  80  7:23  Overseer  
  80  7:24  Zergling x4  
  80  7:30  Drone x4  
  80  7:34  Queen  
  80  7:36  Overseer  
  86  7:38  Drone x2  
  86  7:40  Glial Reconstitution  
  88  7:46  Drone x4  
  88  7:49  Overlord  
  91  7:51  Overlord  
  91  7:54  Drone x2  
  91  7:56  Extractor  
  91  7:57  Extractor  
  91  8:01  Evolution Chamber x2  
  89  8:06  Drone x3  
  89  8:07  Drone x3  
  89  8:11  Extractor  
  89  8:12  Extractor  
  93  8:15  Overlord  
  93  8:16  Drone x2  
  95  8:28  Zergling x2  
  95  8:29  Zergling x12  
  95  8:31  Zerg Ground Armor Level 1, Zerg Melee Weapons Level 1  
  95  8:33  Baneling Nest  
  101  8:40  Hatchery  
  100  8:45  Drone x5  
  105  8:53  Zergling x14  
  112  8:56  Overlord  
  112  8:57  Roach x2  
  116  9:04  Roach x3  
  116  9:08  Roach  
  124  9:14  Roach  
  124  9:16  Centrifical Hooks  
  124  9:17  Baneling x5  
  126  9:19  Ravager x3  
  126  9:21  Roach x4  
  137  9:27  Drone  
  138  9:32  Roach x2, Zergling x2  
  138  9:33  Zergling x4  
  138  9:36  Hatchery, Overlord  
  143  9:40  Overlord  
  129  9:53  Zergling x14  
  129  9:57  Ravager x4  
  139  10:01  Zergling x16  
  139  10:04  Ravager x4  
  148  10:12  Zergling x10  
  149  10:14  Baneling  
  149  10:15  Baneling x3  
  149  10:16  Ravager  
  149  10:19  Zergling x2  
  150  10:25  Baneling x8  
  150  10:27  Zergling x2  
  150  10:28  Zergling x4  
  150  10:34  Zergling x12  
  156  10:43  Drone x4  
  160  10:51  Drone x4  
  163  10:59  Drone  
  163  11:00  Zergling x6  
  163  11:01  Baneling  
  163  11:02  Baneling x8  
Tags
 
Add a new tag
Caveats
  • Supply blocks, unpowered buildings, or Contaminate may cause inaccurate times.
  • Supply counts are checked every 10 seconds.